 Dungeon Crawl Stone Soup version 0.26.1-2-gb8aa6d0cf2 (webtiles) character file.

Game seed: 5554547723260087447

158 nightchill the Skirmisher (level 5, -5/42 HPs)
             Began as a Formicid Abyssal Knight on Feb 12, 2021.
             Was a Priest of Lugonu.
             Slain by an ogre
             ... wielding a +0 giant club
              (19 damage)
             ... on level 3 of the Dungeon.
             The game lasted 00:10:58 (4058 turns).

nightchill the Skirmisher (Formicid Abyssal Knight) Turns: 4058, Time: 00:10:59

Health: -5/42      AC:  7    Str: 18    XL:     5   Next: 66%
Magic:  7/7        EV:  6    Int: 11    God:    Lugonu [***...]
Gold:   196        SH:  7    Dex: 10    Spells: 4/4 levels left

rFire    . . .     SeeInvis +   a - +2 whip (venom)
rCold    . . .     Faith    .   w - +0 kite shield
rNeg     . . .     Spirit   .   n - +0 scale mail
rPois    .         Reflect  .   (helmet unavailable)
rElec    .         Harm     .   (no cloak)
rCorr    .         Rampage  .   s - +0 pair of gloves
Will     .....                  (no boots)
Stlth    ..........             (no amulet)
HPRegen  0.14/turn              (no ring)
MPRegen  0.10/turn              (no ring)

@: no status effects
A: permanent stasis, dig shafts and tunnels, four strong arms, antennae 3
a: Dig, Shaft Self, Renounce Religion, Depart the Abyss, Bend Space, Banish


You were on level 3 of the Dungeon.
You worshipped Lugonu.
Lugonu was most pleased with you.
You visited 1 branch of the dungeon, and saw 4 of its levels.
You visited the Abyss 1 time.

You collected 196 gold pieces.

Inventory:

Hand Weapons
 a - a +2 whip of venom (weapon)
 b - a +2 whip of flaming
 q - a +1 mace
Missiles
 c - 95 stones
 y - 6 poisoned darts
Armour
 n - a +0 scale mail (worn)
 s - a +0 pair of gloves (worn)
 w - a +0 kite shield (worn)
Jewellery
 r - an uncursed amulet of guardian spirit {unknown}
 u - an uncursed ring of protection from fire {unknown}
Wands
 m - a wand of disintegration (19)
Scrolls
 d - 3 scrolls of amnesia {unknown}
 e - a scroll of magic mapping {unknown}
 f - 2 scrolls of fear {unknown}
 g - a scroll of noise {unknown}
 j - 2 scrolls of teleportation {unknown}
 o - a scroll of identify {unknown}
 t - a scroll of random uselessness {unknown}
 v - 3 scrolls of remove curse {unknown}
 x - a scroll of fog {unknown}
Potions
 h - 2 potions of magic {unknown}
 i - a potion of cancellation {unknown}
 k - a potion of brilliance {unknown}
 l - a potion of heal wounds {unknown}
 p - a potion of mutation {unknown}
 z - a potion of lignification {unknown}


   Skills:
 + Level 4.3 Fighting
 * Level 4.0 Maces & Flails
 - Level 2.1 Armour
 - Level 0.8 Dodging
 + Level 3.6 Invocations


You had 4 spell levels left.
You didn't know any spells.
Your spell library was empty.

Dungeon Overview and Level Annotations

Branches:
Dungeon (4/15)
 Temple: D:4-7

Altars:
Hepliaklqana


Innate Abilities, Weirdness & Mutations

You cannot be hasted, slowed, berserked, paralysed or teleported.
You can dig through walls and to a lower floor.
Your four strong arms can wield two-handed weapons with a shield.
You have a pair of large antennae on your head. (SInv)


Message History

There is a stone staircase leading up here.
Okay, then.
The ogre hits you with a +0 giant club!
You climb upwards.
There is a stone staircase leading down here.
The ogre hits you with a +0 giant club!
You hit the ogre.
The ogre is poisoned.
The ogre is moderately wounded.
You whack the ogre!
The ogre is severely wounded.
The ogre hits you with a +0 giant club!
The ogre looks more healthy.
You see here a +0 hunting sling.
You barely miss the ogre.
The ogre is severely wounded.
You block the ogre's attack.
You hit the ogre.
The ogre is poisoned.
The ogre is almost dead.
The ogre hits you with a +0 giant club!!
You die...

...........##.....>..##..#
###...##...##........##..#
#....###.....##..#####...#
..##.# #........## ###...#
...#.####...#.######....##
...#.##.....#(....##.##.##
..........#.#####.#.....<#
............#####........#
......)......).O@........#
..#..<)...#.########.....#
......>...#......# #.....#
.............(...# #.....#
###.......#.#....# #.....#
#.......#..##### #######
#............##
#.......####..# #########
##.#


You could see an ogre (very poisoned).

Vanquished Creatures
  A worker ant (D:2)
  Robin (D:2)
  2 adders
  2 oozes
  4 dart slugs
  A leopard gecko (D:2)
  5 bats
  6 giant cockroaches
  23 goblins
  9 hobgoblins
  3 jackals (D:3)
  10 kobolds
  3 quokkas
  A ball python (D:2)
  6 frilled lizards
  8 rats
85 creatures vanquished.

Notes
Turn   | Place    | Note
-------+----------+-------------------------------------------
     0 | Abyss:1  | nightchill the Formicid Abyssal Knight began the quest for
                  | the Orb.
     0 | Abyss:1  | Reached XP level 1. HP: 18/18 MP: 2/2
    10 | D:1      | Escaped the Abyss
   103 | D:1      | Reached XP level 2. HP: 23/24 MP: 3/3
   758 | D:1      | Reached XP level 3. HP: 29/29 MP: 4/4
  1279 | D:2      | Reached ** piety under Lugonu
  1891 | D:2      | Reached XP level 4. HP: 36/37 MP: 6/6
  2417 | D:3      | Noticed Robin
  2627 | D:2      | Killed Robin
  2869 | D:3      | Reached XP level 5. HP: 30/42 MP: 7/7
  3429 | D:3      | Reached *** piety under Lugonu
  3668 | D:3      | Found a hazy altar of Hepliaklqana.
  4024 | D:4      | Noticed an ogre
  4024 | D:4      | Noticed an ogre
  4058 | D:3      | Slain by an ogre

Illustrated notes

Levels and vault maps discovered:
D:1:      psy_arrival_radial02, layout_basic, kennysheep_crisscross,
          roderic_lattice_a
D:2:      layout_loops_ring
D:3:      layout_rooms, nzn_hepliaklqana_mist_gate, uniq_robin
D:4:      layout_gridville, chequers_avenue

Skill      XL: |  1  2  3  4  5 |
---------------+----------------+-----
Maces & Flails | 3 4 |  4.0
Invocations    | 3 |  3.6
Fighting       | 4 |  4.3
Armour         | |  2.1
Dodging        | |  0.8

Action                   |  1- 3 |  4- 6 || total
-------------------------+-------+-------++-------
Melee: Mace              |    86 |   160 ||   246
       Whip              |       |     4 ||     4
Invok: Bend Space        |       |     1 ||     1
 Abil: Dig               |     1 |     3 ||     4
Armor: Leather armour    |     1 |       ||     1
       Ring mail         |    13 |       ||    13
       Scale mail        |    22 |   116 ||   138
Dodge: Dodged            |    43 |    93 ||   136
Block: Buckler           |       |     8 ||     8
       Kite shield       |       |     8 ||     8
